cohdb
Replays
Latest Replays
All Replays
Popular Replays
Top Player Replays
Match Explorer
How It Works
Community
CoH3 Stats
Reddit
Sign in to upload your games and track your stats! →
Sign in with Steam
Match 37040369
Unlisted
Match 37040369
Overview
Messages
Build Orders
End
Construct Section Command Post
Royal Engineer Section
Selects Heavy Armor Battlegroup
Dingo Light Scout Car
Infantry Section
Construct Platoon Command Post
Light Vehicle Training
Infantry Section
CMP 15cwt Truck
Selects Rigorous Vehicle Training
Royal Engineer Section
ZGChan
Guest0609
Cannonfodderbob
Matis
Black Dynamite
Atteges
Operator
vincent
0
0
Comments
sign in to comment!
No comments posted yet!